 Dungeon Crawl Stone Soup version 0.31-a0-819-gf6de2f5ab6 (webtiles) character file.

Game seed: 3531289107415424669

2593 qw the Skirmisher (level 9, -4/57 HPs)
             Began as a Gargoyle Hunter on Sept 23, 2023.
             Slain by an unseen horror (7 damage)
             ... on level 6 of the Dungeon.
             The game lasted 00:02:41 (4996 turns).

qw the Skirmisher (Gargoyle Hunter)                 Turns: 4996, Time: 00:02:41

Health: -4/57      AC: 13    Str: 15    XL:     9   Next: 58%
Magic:  9/9        EV: 17    Int: 13    God:
Gold:   178        SH:  0    Dex: 17    Spells: 8/8 levels left

rFire   . . .        Y - +0 orcbow
rCold   . . .        (shield currently unavailable)
rNeg    + . .        m - +0 ring mail
rPois   inf          i - +0 helmet {Int+3}
rElec   +            (no cloak)
rCorr   .            (no gloves)
SInv    .            (no boots)
Will    .....        f - amulet of regeneration
Stlth   +            e - +5 ring of evasion
HPRegen 1.09/turn    (no ring)
MPRegen 0.11/turn

%: no passive effects
@: no status effects
A: sickness immunity, AC +6, negative energy resistance 1, electricity
resistance, torment resistance 1, petrification resistance
a: no special abilities


You were on level 6 of the Dungeon.
You visited 1 branch of the dungeon, and saw 6 of its levels.
You also visited: Sewer.

You collected 293 gold pieces.
You spent 115 gold pieces at shops.


Innate Abilities, Weirdness & Mutations

You are immune to sickness and miasma.
Your stone body is resilient. (AC +6)
You are immune to poison.
You resist negative energy. (rN+)
You are resistant to electric shocks. (rElec)
You are resistant to unholy torment.
You are immune to petrification.


   Skills:
 - Level 7.1 Fighting
 - Level 11.1 Ranged Weapons
 + Level 2.3 Armour
 - Level 3.1 Dodging
 - Level 1.1 Stealth


You had 8 spell levels left.
You didn't know any spells.
Your spell library was empty.

Inventory:

Hand Weapons
 Y - a +0 orcbow (weapon)
Armour
 i - a +0 helmet of intelligence (worn)
 m - a +0 ring mail (worn)
Jewellery
 e - a +5 ring of evasion (left hand)
 f - an amulet of regeneration (around neck)
Scrolls
 c - 3 scrolls of teleportation
 n - a scroll of identify
Potions
 a - a potion of heal wounds
 b - a potion of cancellation {unknown}
 d - a potion of enlightenment
 g - a potion of mutation {unknown}
 j - a potion of haste
 k - a potion of curing {unknown}
 l - a potion of might {unknown}
 o - a potion of lignification {unknown}

Dungeon Overview and Level Annotations

Branches:
Dungeon (6/15)              Sewer (visited)
 Temple: D:4-7

Altars:
Hepliaklqana
Qazlal
Xom

Shops:
D:5 (([

Annotations:
D:5 1 runed translucent door, Crazy Yiuf


Message History

Something hits you.
You shoot an arrow. Something hits you but does no damage.
You shoot an arrow. Something hits you.
You shoot an arrow. Something closely misses you.
You shoot an arrow. Something hits you.
You shoot an arrow. Something hits you.
You shoot an arrow. Something hits you but does no damage.
You shoot an arrow. Something hits you but does no damage.
You shoot an arrow. Something hits you! Something hits you but does no damage.
You shoot an arrow. Something completely misses you.
You shoot an arrow. Something hits you but does no damage.
You shoot an arrow. Something hits you! Something hits you but does no damage.
You shoot an arrow. Something hits you but does no damage.
You shoot an arrow. Something hits you but does no damage.
You shoot an arrow. Something hits you but does no damage.
You shoot an arrow. Something hits you but does no damage. Something hits you.
You shoot an arrow. Something hits you.
You shoot an arrow. Something hits you but does no damage. Something hits you.
You shoot an arrow. Something hits you!
You shoot an arrow. Something hits you!
You die...

.. .. . ## ..
..#..#. ...#. ##...
..#....###
.......{.#
.######@.## #...# #
###.## ####
##.#....# #..#
#.......# ###..###
.........## #......#
..........###......#
..........%.#.....##
.................##


There were no monsters in sight!

Vanquished Creatures
  Sigmund (D:4)
  A wyvern (D:5)
  Menkaure (D:6)
  Edmund (D:5)
  A water moccasin (D:6)
  Pargi (Sewer)
  An ice beast (D:5)
  An ogre (D:3)
  A sky beast (D:6)
  A centaur (D:5)
  A kobold brigand (D:6)
  A bullfrog (D:6)
  6 scorpions (D:5)
  4 hounds
  6 orc priests
  4 iguanas
  A sleepcap (D:6)
  Ijyb (D:5)
  Natasha (twice) (D:2)
  11 orc wizards
  3 gnolls (D:5)
  6 adders
  A white imp (D:6)
  3 ufetubi
  6 worms
  2 dart slugs (D:1)
  13 orcs
  5 ball pythons
  11 endoplasms
  3 giant cockroaches
  8 goblins
  7 hobgoblins
  6 jackals
  4 bats
  6 frilled lizards
  12 kobolds
  9 rats
152 creatures vanquished.

Notes
Turn   | Place    | Note
-------+----------+-------------------------------------------
     0 | D:1      | qw the Gargoyle Hunter began the quest for the Orb.
     0 | D:1      | Reached XP level 1. HP: 12/12 MP: 1/1
     0 | D:1      | 0 ||| qw: Version: 0.3-a-83-gcd0e7d8
     0 | D:1      | 0 ||| qw: Game counter: 1580
     0 | D:1      | 0 ||| qw: Melee chars always use a shield: true
     0 | D:1      | 0 ||| qw: God list: Okawaru
     0 | D:1      | 0 ||| qw: Allow faded altars: false
     0 | D:1      | 0 ||| qw: Do Orc after clearing Dungeon:15 true
     0 | D:1      | 0 ||| qw: Do second Lair branch before Depths: true
     0 | D:1      | 0 ||| qw: Lair rune preference: random
     0 | D:1      | 0 ||| qw: Goals: Normal
     0 | D:1      | 0 ||| PLANNING D:1-11
    82 | D:1      | Reached XP level 2. HP: 17/17 MP: 2/2
   376 | D:1      | Reached XP level 3. HP: 21/21 MP: 3/3
   407 | D:1      | Reached skill level 5 in Ranged Weapons
   676 | D:1      | 676 ||| READING scroll labelled WAELAC XOUZILA.
   677 | D:1      | 677 ||| READING scroll labelled XUSHRIPR ITHREMM.
   678 | D:1      | 678 ||| READING scroll labelled FIKUBO OKYM.
   679 | D:1      | 679 ||| DROPPING scroll of butterflies.
   924 | D:2      | Found a shimmering altar of Xom.
   938 | D:2      | Reached skill level 3 in Fighting
   959 | D:2      | Reached XP level 4. HP: 22/28 MP: 4/4
  1278 | D:2      | Noticed Natasha
  1289 | D:2      | Killed Natasha
  1492 | D:2      | Noticed Natasha
  1501 | D:2      | Killed Natasha
  1502 | D:2      | Reached skill level 6 in Ranged Weapons
  1502 | D:2      | Reached XP level 5. HP: 26/32 MP: 5/5
  1575 | D:2      | 1575 ||| UPGRADING to amulet of regeneration.
  1580 | D:2      | 1580 ||| UPGRADING to +5 ring of evasion.
  1581 | D:2      | 1581 ||| READING scroll labelled ROOSER BIRPHAAGG.
  1582 | D:2      | 1582 ||| READING scroll labelled IFOXZU VYUTEU.
  1583 | D:2      | 1583 ||| READING scroll labelled DOMUGU IPRE.
  1619 | D:3      | 1619 ||| PLANNING SEWER
  1726 | D:3      | Noticed an ogre
  1736 | D:3      | Killed an ogre
  1737 | D:3      | Reached XP level 6. HP: 14/38 MP: 6/6
  1889 | D:3      | Reached skill level 7 in Ranged Weapons
  1989 | D:3      | Found a hazy altar of Hepliaklqana.
  2114 | D:3      | Found a glowing drain.
  2115 | D:3      | 2115 ||| READING scroll labelled ENAXZU JEKOI.
  2118 | D:3      | 2118 ||| Stepping ~*~*~tactically~*~*~ (water).
  2120 | D:3      | 2120 ||| Stepping ~*~*~tactically~*~*~ (water).
  2122 | D:3      | 2122 ||| Stepping ~*~*~tactically~*~*~ (water).
  2124 | D:3      | 2124 ||| Stepping ~*~*~tactically~*~*~ (water).
  2138 | Sewer    | Entered a sewer
  2161 | Sewer    | 2161 ||| SWAPPING to +0 orcbow.
  2162 | Sewer    | 2162 ||| DROPPING +1 shortbow.
  2195 | Sewer    | Noticed Pargi
  2206 | Sewer    | Killed Pargi
  2207 | Sewer    | Reached XP level 7. HP: 42/43 MP: 7/7
  2268 | Sewer    | 2268 ||| DRINKING 2 smoky white potions.
  2282 | D:3      | 2282 ||| PLANNING D:1-11
  2540 | D:3      | 2540 ||| UPGRADING to +0 ring mail.
  2550 | D:3      | 2550 ||| DROPPING +0 leather armour.
  2551 | D:3      | 2551 ||| READING scroll labelled DYUXOL PEASAYS.
  2552 | D:3      | 2552 ||| DRINKING 2 golden potions.
  2553 | D:3      | 2553 ||| DROPPING potion of brilliance.
  2616 | D:4      | 2616 ||| RETREEAATING.
  2649 | D:4      | Reached skill level 1 in Armour
  2650 | D:4      | 2650 ||| READING scroll labelled RIEKYRU KAGGIS.
  2841 | D:4      | Reached skill level 8 in Ranged Weapons
  2870 | D:4      | 2870 ||| READING 2 scrolls of identify.
  2870 | D:4      | 2870 ||| IDENTIFYING sedimented clear potion
  2871 | D:4      | 2871 ||| DROPPING potion of attraction.
  3191 | D:4      | Noticed Sigmund
  3203 | D:4      | Killed Sigmund
  3204 | D:4      | Reached XP level 8. HP: 48/51 MP: 8/8
  3495 | D:4      | 3495 ||| DROPPING amulet of the acrobat.
  3496 | D:4      | 3496 ||| READING 2 scrolls labelled ESUNKOTTUAW.
  3497 | D:4      | 3497 ||| DRINKING 2 smoky emerald potions.
  3498 | D:4      | 3498 ||| READING 2 scrolls of identify.
  3498 | D:4      | 3498 ||| IDENTIFYING murky grey potion
  3499 | D:4      | 3499 ||| DROPPING scroll of vulnerability.
  3549 | D:5      | Entered Level 5 of the Dungeon
  3553 | D:5      | Noticed Ijyb
  3560 | D:5      | Killed Ijyb
  3603 | D:5      | Noticed a wyvern
  3611 | D:5      | Killed a wyvern
  3655 | D:5      | Reached skill level 9 in Ranged Weapons
  3761 | D:5      | Found Ruextaaj's Armour Shoppe.
  3764 | D:5      | 3764 ||| BUYING +0 helmet of intelligence (115 gold).
  3764 | D:5      | Bought a +0 helmet of intelligence for 115 gold pieces
  3795 | D:5      | Found a runed translucent door.
  3796 | D:5      | Noticed Crazy Yiuf
  3865 | D:5      | Found Piaguev's Antique Weapon Emporium.
  3875 | D:5      | Reached skill level 6 in Fighting
  3988 | D:5      | Found Nackas's Antique Weapon Shoppe.
  3996 | D:5      | 3996 ||| SHOPLISTING glowing arbalest (180 gold, have 153).
  3996 | D:5      | 3996 ||| SHOPLISTING runed orcbow (156 gold, have 153).
  4015 | D:5      | Identified the +8 mace "Grim" {antimagic, rF+ Str+7}
  4127 | D:5      | Noticed Edmund
  4144 | D:5      | Killed Edmund
  4258 | D:5      | Reached XP level 9. HP: 55/55 MP: 9/9
  4292 | D:5      | Reached skill level 10 in Ranged Weapons
  4626 | D:5      | 4626 ||| UPGRADING to +0 helmet of intelligence.
  4631 | D:5      | 4631 ||| READING scroll labelled WUIMAPNIDEF.
  4642 | D:5      | 4642 ||| READING scroll labelled KOR OS IVAOM.
  4710 | D:6      | Found a stormy altar of Qazlal.
  4743 | D:6      | 4743 ||| RETREEAATING.
  4744 | D:6      | 4744 ||| Stepping ~*~*~tactically~*~*~ (retreating).
  4745 | D:6      | 4745 ||| Stepping ~*~*~tactically~*~*~ (retreating).
  4746 | D:6      | 4746 ||| Stepping ~*~*~tactically~*~*~ (retreating).
  4905 | D:6      | Noticed Menkaure
  4916 | D:6      | Killed Menkaure
  4917 | D:6      | Reached skill level 11 in Ranged Weapons
  4923 | D:6      | Reached skill level 3 in Dodging
  4939 | D:6      | 4939 ||| Stepping randomly (disturbance).
  4940 | D:6      | 4940 ||| Stepping randomly (disturbance).
  4988 | D:6      | HP: 13/57 [something (9)]
  4993 | D:6      | HP: 10/57 [something (3)]
  4995 | D:6      | HP: 2/57 [something (8)]
  4996 | D:6      | Slain by an unseen horror

Levels and vault maps discovered:
D:1:      lemuel_arrival_room, layout_loops_ring
D:2:      layout_loops_ring, basic_altar, uniq_natasha
D:3:      layout_loops_ring, worldfamousw_hep_ancestral_shrine,
          cheibrodos_sewer_entry_bend, nrook_loot_triangle,
          nicolae_concentric_dashed_squares_mild, kennysheep_orc_chapel
D:4:      layout_layer_cave, minmay_a_box_with_orc_wizards_in_it, uniq_sigmund
D:5:      minmay_skewed_foursquare, layout_loops_cross, serial_shops,
          nicolae_shop_real_fake_doors, nicolae_stop_n_shop_2,
          nicolae_shop_advertising_works [nicolae_subvault_shop_adworks],
          uniq_crazy_yiuf_cottage, uniq_edmund, uniq_ijyb
D:6:      layout_cave_pools, grunt_qazlal_clouds,
          mainiacjoe_overflow_concentric_impassable,
          minmay_misc_feat_four_crosses, uniq_menkaure

Skill      XL: |  1  2  3  4  5  6  7  8  9 |
---------------+----------------------------+-----
Ranged Weapons | 5 6 7 8 9 11 | 11.1
Fighting       | 3 4 5 6 7 |  7.1
Dodging        | 2 3 |  3.1
Armour         | 1 2 |  2.3
Stealth        | |  1.1

Action                     |  1- 3 |  4- 6 |  7- 9 || total
---------------------------+-------+-------+-------++-------
   Fire: Shortbow          |   119 |   117 |       ||   236
         Orcbow            |       |    11 |   493 ||   504
    Use: Scroll            |     3 |     4 |     7 ||    14
         Potion            |       |       |     3 ||     3
 Armour: Leather armour    |    61 |    35 |    17 ||   113
         Ring mail         |       |       |   281 ||   281
  Dodge: Dodged            |    55 |    39 |   250 ||   344

Table legend:
 A = Non-vault XP
 B = Vault XP
 C = Vault XP percentage of total XP
 D = Non-vault monster count
 E = Vault monster count
 F = Vault count percentage of total count
                 A         B        C        D         E       F
            +---------+---------+-------+---------+---------+-------
      Total |    2117 |    1588 |  42.9 |     126 |      26 |  17.1
            +---------+---------+-------+---------+---------+-------
        D:1 |      55 |       0 |   0.0 |      31 |       0 |   0.0
        D:2 |     112 |      36 |  24.3 |      22 |       1 |   4.3
        D:3 |     341 |      86 |  20.1 |      21 |       4 |  16.0
        D:4 |     163 |     415 |  71.8 |      16 |       6 |  27.3
        D:5 |     669 |     739 |  52.5 |      16 |      11 |  40.7
        D:6 |     777 |     172 |  18.1 |      20 |       1 |   4.8
      Sewer |       0 |     140 | 100.0 |       0 |       3 | 100.0
            +---------+---------+-------+---------+---------+-------
